Map: Acid Plant LE

Players

LaFantome - Winner!

  • Race: Zerg Zerg
  • League: Diamond
  • Spawn Location: 11:00

lamycnd

  • Race: Terran Terran
  • League: Diamond
  • Spawn Location: 5:00

VOD

Have the link to the VOD?

Description

Time

  • Played on: March 30, 2018, 10:53 a.m.
  • Length: 13:59
Show
View Real Time Build Order
Export as new Build Order

LaFantome Zerg - Winner!

Build Orders: Hatch First 

Get SALT Encoding   

  12  0:01  Drone  
  13  0:13  Overlord  
  13  0:17  Drone  
  14  0:31  Drone x2  
  14  0:34  Drone  
  17  0:53  Hatchery  
  17  0:55  Drone  
  17  0:59  Drone  
  18  1:10  Extractor  
  17  1:15  Spawning Pool  
  17  1:17  Drone  
  17  1:20  Drone  
  18  1:28  Drone  
  19  1:40  Overlord  
  19  1:54  Drone  
  20  2:01  Zergling x2  
  20  2:04  Queen  
  20  2:05  Zergling x2, Queen  
  26  2:11  Metabolic Boost  
  26  2:14  Drone  
  27  2:16  Drone  
  27  2:22  Drone  
  29  2:29  Drone  
  30  2:34  Overlord  
  30  2:41  Drone  
  31  2:46  Queen  
  33  2:53  Hatchery  
  33  2:55  Drone  
  33  2:56  Drone  
  34  2:59  Drone  
  34  3:01  Drone  
  36  3:10  Drone  
  36  3:11  Drone  
  38  3:18  Drone x6  
  44  3:26  Overlord  
  44  3:35  Extractor x2  
  44  3:36  Roach Warren  
  44  3:37  Drone x2  
  43  3:46  Drone  
  43  3:47  Overlord  
  44  3:49  Drone x2  
  44  3:50  Drone  
  46  4:10  Drone x5  
  46  4:15  Evolution Chamber  
  50  4:17  Evolution Chamber  
  50  4:20  Lair  
  50  4:21  Drone x6  
  50  4:22  Drone x2  
  57  4:36  Queen x2  
  57  4:37  Overlord  
  61  4:42  Overlord  
  61  4:43  Zergling x6  
  61  4:44  Zergling x2  
  65  4:46  Zerg Missile Weapons Level 1  
  65  4:55  Zergling x16  
  73  5:01  Overlord  
  73  5:03  Zergling x4  
  75  5:13  Zergling x6  
  78  5:14  Zergling x4  
  78  5:15  Zergling x2  
  80  5:24  Zergling x4  
  80  5:26  Overlord  
  62  5:48  Drone  
  62  5:49  Drone x10  
  73  5:54  Queen x3  
  79  6:01  Glial Reconstitution  
  79  6:02  Hydralisk Den  
  78  6:04  Zerg Ground Armor Level 1  
  78  6:05  Hatchery  
  77  6:15  Overlord x2  
  77  6:16  Extractor  
  77  6:17  Extractor, Zergling x12  
  81  6:26  Overlord  
  81  6:35  Grooved Spines  
  81  6:40  Drone  
  81  6:41  Drone x4, Spore Crawler  
  81  6:42  Drone  
  81  6:43  Drone x6  
  92  6:47  Overlord x2  
  92  6:55  Zerg Missile Weapons Level 2  
  92  6:59  Burrow  
  92  7:02  Infestation Pit  
  92  7:07  Baneling Nest  
  90  7:11  Roach  
  90  7:12  Roach x8  
  108  7:20  Tunneling Claws  
  108  7:34  Hydralisk x6  
  120  7:43  Overlord x3  
  120  7:44  Overlord  
  120  7:45  Overseer  
  120  7:47  Muscular Augments  
  119  8:09  Drone x7  
  119  8:10  Drone x3  
  129  8:15  Hive, Extractor  
  129  8:17  Spire, Centrifical Hooks  
  127  8:24  Extractor x2, Roach x8  
  127  8:25  Roach  
  143  8:41  Drone x3  
  146  9:12  Hydralisk x3  
  146  9:15  Overlord x2  
  146  9:16  Overlord x5  
  151  9:18  Baneling  
  151  9:19  Baneling x7  
  151  9:32  Greater Spire  
  151  9:53  Hydralisk x5, Hatchery  
  151  9:54  Hydralisk x10  
  178  10:04  Roach x7  
  178  10:05  Roach x5  
  178  10:06  Hydralisk x3  
  186  10:07  Roach x5  
  185  10:21  Hydralisk x3  
  169  10:28  Zergling x2  
  169  10:29  Zergling x4  
  171  10:40  Zergling x4  
  171  10:41  Zergling x20  
  168  10:54  Hydralisk x3  
  169  11:01  Baneling x10  
  169  11:03  Baneling  
  169  11:04  Baneling  
  169  11:05  Baneling x11  
  169  11:06  Baneling x5  
  169  11:07  Zergling x6  
  170  11:21  Zergling x4  
  110  11:36  Hydralisk x4  
  110  11:37  Hydralisk x2  
  93  11:55  Hydralisk  
  93  11:56  Hydralisk x2  
  93  11:58  Baneling x4  
  93  11:59  Baneling  
  93  12:00  Baneling  
  90  12:10  Roach x11  
  90  12:11  Roach x6  
  53  12:48  Spawning Pool  
  51  13:16  Drone  
  51  13:17  Drone x2  
Show
View Real Time Build Order
Export as new Build Order

lamycnd Terran 

Build Orders: Reaper Expand, Bio Tank 

Get SALT Encoding   

  12  0:00  SCV  
  13  0:12  SCV  
  14  0:17  Supply Depot  
  14  0:24  SCV  
  15  0:39  SCV  
  15  0:40  Barracks  
  16  0:45  Refinery  
  16  0:51  SCV  
  17  1:03  SCV  
  18  1:15  SCV  
  19  1:27  Orbital Command  
  19  1:30  Reaper  
  20  1:43  Command Center  
  20  1:54  SCV  
  20  1:57  Barracks  
  21  2:03  Barracks Reactor  
  21  2:06  SCV  
  22  2:18  SCV, Supply Depot  
  23  2:39  SCV  
  23  2:40  Marine x2  
  23  2:42  Factory  
  26  2:45  Barracks Tech Lab  
  26  2:49  Refinery  
  26  2:51  SCV  
  27  3:00  Orbital Command  
  27  3:01  Marine  
  27  3:02  Marine  
  27  3:03  SCV, Marine  
  31  3:13  Stimpack  
  31  3:15  SCV  
  31  3:19  Marine  
  33  3:26  Marine x2  
  35  3:28  SCV  
  35  3:31  Starport  
  35  3:32  SCV  
  37  3:39  Marine  
  37  3:40  Factory Reactor, SCV  
  39  3:44  SCV  
  39  3:47  Supply Depot  
  40  3:52  SCV  
  40  3:56  SCV  
  40  4:00  Marine x2  
  40  4:01  Marine  
  44  4:04  SCV  
  44  4:09  Medivac, Supply Depot  
  47  4:10  Supply Depot  
  47  4:15  SCV  
  47  4:16  SCV  
  49  4:19  Hellion x2  
  49  4:22  Armory  
  53  4:27  SCV  
  55  4:31  SCV  
  55  4:34  Supply Depot  
  55  4:36  Supply Depot  
  55  4:39  SCV  
  55  4:41  Medivac  
  55  4:42  Hellion  
  55  4:43  SCV  
  55  4:44  Hellion  
  63  4:51  SCV, Marine x2  
  63  4:52  Marine  
  67  4:55  SCV  
  68  5:03  SCV  
  68  5:05  Supply Depot  
  69  5:07  SCV  
  69  5:09  Marine x2  
  72  5:15  SCV  
  73  5:26  Engineering Bay  
  73  5:27  Command Center  
  73  5:29  Engineering Bay  
  73  5:41  Marine  
  73  5:42  Marine  
  56  5:54  Terran Infantry Weapons Level 1  
  56  5:55  Terran Infantry Armor Level 1  
  56  5:59  Refinery  
  56  6:00  Refinery  
  56  6:04  Barracks  
  56  6:05  Barracks  
  56  6:09  Barracks  
  56  6:11  Factory Tech Lab  
  56  6:13  Supply Depot, Combat Shields  
  56  6:15  Medivac, Factory  
  58  6:23  SCV  
  59  6:29  Marine  
  59  6:31  Siege Tank  
  63  6:40  Orbital Command  
  63  6:44  Marine x2  
  65  6:49  SCV  
  65  6:50  SCV  
  65  6:51  Supply Depot  
  67  6:56  Marine  
  67  6:58  Barracks Reactor  
  67  6:59  Barracks Reactor  
  68  7:09  Marine  
  68  7:10  Marine  
  68  7:11  Siege Tank, Factory Tech Lab  
  73  7:15  Barracks Reactor  
  73  7:19  Marine  
  74  7:27  Marine  
  74  7:28  Marine  
  76  7:34  Siege Tank  
  76  7:36  Marine  
  79  7:37  Orbital Command, Marine x4  
  79  7:43  Siege Tank  
  87  7:45  Marine x2  
  89  7:54  Marine x2  
  89  7:55  Marine x3  
  89  7:58  Marine x2  
  96  8:00  Terran Infantry Weapons Level 2  
  96  8:03  Marine x2  
  98  8:06  Siege Tank  
  98  8:12  Marine  
  102  8:13  Refinery, SCV x3  
  102  8:14  Refinery  
  102  8:15  Siege Tank  
  108  8:23  Marine x3  
  108  8:24  Marine x5  
  108  8:25  SCV, Supply Depot  
  108  8:26  Terran Infantry Armor Level 2  
  117  8:30  Marine  
  118  8:34  SCV x2  
  118  8:37  SCV  
  118  8:41  Marine x4  
  121  8:47  SCV, Marine x4  
  121  8:48  Supply Depot, Marine  
  131  8:56  Supply Depot  
  131  8:59  Marine x2  
  133  9:03  Siege Tank x2, Marine x2  
  133  9:09  Marine x4  
  141  9:13  Marine  
  141  9:16  Marine  
  146  9:17  Marine  
  146  9:18  Medivac x2  
  146  9:21  Marine x2  
  146  9:22  Supply Depot  
  146  9:23  Supply Depot  
  153  9:27  Marine x4  
  156  9:31  Marine  
  156  9:34  Marine  
  156  9:35  Marine  
  159  9:39  Marine x2  
  159  9:45  Marine x2  
  161  9:46  Marine x2  
  161  9:49  Marine  
  161  9:52  Marine  
  167  9:56  Marine x3  
  167  9:58  Siege Tank x2  
  176  10:03  Marine x3  
  176  10:04  Marine  
  176  10:07  Marine  
  181  10:14  Marine x4  
  181  10:21  Marine x2  
  178  10:22  Marine  
  178  10:23  Marine  
  178  10:25  Marine  
  170  10:32  Marine x4  
  54  12:23  Marine x2  
  54  12:24  Marine x4  
Tags
 
Add a new tag
Caveats
  • Supply blocks, unpowered buildings, or Contaminate may cause inaccurate times.
  • Supply counts are checked every 10 seconds.